 Dungeon Crawl Stone Soup version 0.17-a0-802-g1f09329 (webtiles) character file.

60 Hanyuu the Insei (level 4, -5/29 HPs)
             Began as an Octopode Transmuter on Apr 26, 2015.
             Slain by a gnoll (6 damage)
             ... on level 2 of the Dungeon.
             The game lasted 00:02:15 (1248 turns).

Hanyuu the Insei (Octopode Transmuter)              Turns: 1248, Time: 00:02:16

Health: -5/29      AC:  1    Str:  9    XL:     4   Next: 4%
Magic:  7/7        EV: 12    Int: 15    God:
Gold:   67         SH:  0    Dex: 13    Spells: 3 memorised, 1 level left

rFire  . . .     SeeInvis +       - Unarmed
rCold  . . .     Clarity  .     (no shield)
rNeg   . . .     SustAb   .     (helmet restricted)
rPois  .         Gourm    .     (no amulet)
rElec  .         Spirit   .     j - ring of see invisible
rCorr  .         Warding  .     (no ring)
rMut   .         Stasis   .     (no ring)
MR     .....                    (no ring)
Stlth  ++........               (no ring)
                                (no ring)
                                (no ring)
                                (no ring)

@: not resistant to hostile enchantments, unstealthy
A: almost no armour, amphibious, 8 rings, constrict 8, camouflage 1, gelatinous
body 1
a: no special abilities


You were on level 2 of the Dungeon.
You were not hungry.

You visited 1 branch of the dungeon, and saw 2 of its levels.

You collected 67 gold pieces.

Inventory:

Missiles
 a - 12 arrows
Jewellery
 j - a ring of see invisible (left tentacle)
Scrolls
 d - a scroll of identify {unknown}
 f - a scroll of immolation {unknown}
 k - a scroll of random uselessness {unknown}
Potions
 e - 2 potions of curing {unknown}
 g - a potion of might {unknown}
 h - a potion of invisibility {unknown}
 i - a potion of cure mutation {unknown}
Books
 b - a book of Changes

   Spells                             Type                      Level
   a - Beastly Appendage              Transmutation                1
   b - Sticks to Snakes               Transmutation                2
   c - Spider Form                    Transmutation/Poison         3
   d - Ice Form                       Ice/Transmutation            4
   e - Blade Hands                    Transmutation                5
Comestibles
 c - a bread ration
 l - 2 chunks of flesh


   Skills:
 - Level 2.0 Fighting
 - Level 2.0 Dodging
 * Level 4.4 Unarmed Combat
 - Level 2.0 Spellcasting
 - Level 2.0 Transmutations


You had one spell level left.
You knew the following spells:

 Your Spells              Type           Power        Failure   Level  Hunger
a - Beastly Appendage     Trmt           #.....       12%         1    #......
b - Sticks to Snakes      Trmt           #.........   14%         2    ###....
c - Spider Form           Trmt/Pois      #.........   43%         3    ###....


Dungeon Overview and Level Annotations

Branches:
Dungeon (2/15)

Altars:


Innate Abilities, Weirdness & Mutations

You cannot wear most types of armour.
You are amphibious.
You can wear up to eight rings at the same time.
You can use your tentacles to constrict eight enemies at once.
Your skin changes colour to match your surroundings (Stealth).
Your rubbery body absorbs attacks (AC +1).


Message History

The gnoll closely misses you.
You tentacle-slap the gnoll. Your grab misses the gnoll.
Your squeeze misses the gnoll.
The gnoll is moderately wounded.
The gnoll hits you with a spear.
You tentacle-slap the gnoll. You grab the gnoll.
The gnoll is heavily wounded.
You constrict the gnoll. The gnoll hits you with a spear!
* * * LOW HITPOINT WARNING * * *
You tentacle-slap the gnoll but do no damage.
You squeeze the gnoll.
You kill the gnoll!
You have reached level 4!
You closely miss the gnoll. You grab the gnoll. You constrict the gnoll.
The gnoll hits you!
* * * LOW HITPOINT WARNING * * *
You tentacle-slap the gnoll.
The gnoll is moderately wounded.
You constrict the gnoll. The gnoll hits you.
You die...

###########<#
#.........#.#####
#.#######.#.....#
#.......#...###.# #
#######.###.#...# #
#.....###.# # ####......#
######################.######
'..............g@....>....#
###.#################.###.# #
#.# #.....# #.# # #.#
#.#######.# # #.# ####.#
#.....# # #.# #....# #.#####
#.# #.#### #.# #.# ###.# #.#
#.# #...# #.#


You could see a gnoll.

Vanquished Creatures
  2 gnolls (D:2)
  2 oozes (D:1)
  A worm (D:2)
  2 giant geckos (D:1)
  6 goblins (D:1)
  2 hobgoblins (D:1)
  3 jackals (D:1)
  3 kobolds (D:1)
  A bat (D:1)
  3 giant newts (D:1)
  3 rats (D:1)
28 creatures vanquished.

Notes
Turn   | Place    | Note
--------------------------------------------------------------
     0 | D:1      | Hanyuu, the Octopode Transmuter, began the quest for the Orb.
     0 | D:1      | Reached XP level 1. HP: 13/13 MP: 3/3
   218 | D:1      | Reached XP level 2. HP: 8/18 MP: 5/5
   537 | D:1      | Reached XP level 3. HP: 13/24 MP: 6/6
   706 | D:1      | Learned a level 2 spell: Sticks to Snakes
   710 | D:1      | Learned a level 3 spell: Spider Form
  1025 | D:1      | Reached skill level 4 in Unarmed Combat
  1246 | D:2      | Reached XP level 4. HP: 8/29 MP: 7/7
  1247 | D:2      | HP: 1/29 [gnoll (7)]
  1248 | D:2      | Slain by a gnoll

Action                   |  1- 3 |  4- 6 || total
-------------------------+-------+-------++-------
Melee: Unarmed           |    69 |     2 ||    71
 Cast: Beastly Appendage |     1 |       ||     1
 Stab: Sleeping          |     6 |       ||     6
  Eat: Chunk             |     1 |       ||     1
